AoeStats
← Kirk Van Houten's Horny Ghost

MegaRandom

509200999Analyzed
4v4 RM · 5d ago on Sep 25, 2026· 42m 25s· 8 players
Game mode
Random Map
Map size
Large (8 player)
Population
200
Speed
Normal
Resources
Standard
Victory
Conquest
Starting age
Dark Age
Ending age
Imperial Age
RankedLock teamsTeams togetherTeam positionsShared explorationLock speedFull tech treeHidden civsTurbo modeCheats
Victory
Defeat
🇨🇱 Lithuanians · Chile
1153
+13
🇬🇹 Malay · Guatemala
1137
+14
🇨🇱 Byzantines · Chile
1123
+15
🇬🇧 Danes · United Kingdom
1102
+15
🇮🇪 Britons · Ireland
1183
-17
1107
-15
1051
-13
1032
-12
Calcetin
9:05 Loom
12:24 Feudal Age
16:46 Castle Age
14:53 Double-Bit Axe
15:16 Horse Collar
17:20 Gold Mining
21:56 Stone Mining
26:13 Imperial Age
ViChoc
1:54 Loom
11:42 Feudal Age
11:01 Man-at-Arms
24:47 Castle Age
23:58 Elite Skirmisher
24:49 Thumb Ring
25:56 Wheelbarrow
25:23 Double-Bit Axe
26:00 Long Swordsman
26:02 Crossbowman
29:04 Fletching
29:15 Padded Archer Armor
30:02 Gold Mining
31:38 Squires
31:56 Fishing Lines
32:29 Gillnets
32:19 Pikeman
39:34 Imperial Age
38:09 Bodkin Arrow
38:29 Leather Archer Armor
39:19 Horse Collar
41:11 Bow Saw
41:48 Bracer
42:18 Ring Archer Armor
42:12 Ballistics
42:20 Hand Cart
Smelly_Gash
9:38 Loom
11:35 Feudal Age
15:58 Castle Age
16:18 Wheelbarrow
19:04 Town Watch
23:06 Forging
22:56 Scale Mail Armor
26:41 Hand Cart
28:37 Iron Casting
28:17 Chain Mail Armor
33:41 Imperial Age
35:43 Pikeman
40:13 Double-Bit Axe
41:32 Blast Furnace
40:47 Chain Mail Armor
41:09 Conscription
Lautaro_aoe
11:29 Feudal Age
15:03 Castle Age
13:22 Double-Bit Axe
14:36 Horse Collar
14:47 Gold Mining
16:55 Bow Saw
16:58 Heavy Plow
18:23 Wheelbarrow
19:49 Hand Cart
19:55 Stone Mining
28:37 Imperial Age
27:20 Scale Barding Armor
28:37 Stone Shaft Mining
28:16 Forging
33:47 Chain Barding Armor
34:30 Iron Casting
33:32 Elite Leitis
34:55 Conscription
35:19 Plate Barding Armor
35:23 Tower Shields
40:35 Two-Man Saw
40:08 Crop Rotation
[POO ALLIANCE] Lord of the Dung
11:57 Feudal Age
11:33 Loom
12:33 Loom
16:24 Castle Age
15:40 Horse Collar
16:09 Scale Barding Armor
16:05 Double-Bit Axe
22:22 Husbandry
22:34 Bloodlines
22:40 Husbandry
22:51 Gold Mining
23:09 Fletching
28:34 Bow Saw
27:47 Light Cavalry
34:33 Imperial Age
34:40 Stone Mining
35:26 Gold Shaft Mining
34:50 Hussar
Cornflakes
11:59 Feudal Age
10:31 Loom
12:50 Double-Bit Axe
14:31 Fletching
18:47 Castle Age
20:23 Bow Saw
19:55 Crossbowman
26:42 Bodkin Arrow
28:15 Padded Archer Armor
29:40 Leather Archer Armor
31:29 Wheelbarrow
43:10 Imperial Age
41:30 Ballistics
41:07 Murder Holes
41:31 Hand Cart
Kirk Van Houten's Horny Ghost
9:50 Loom
12:37 Feudal Age
13:10 Double-Bit Axe
20:20 Castle Age
19:54 Forging
19:45 Scale Mail Armor
22:47 Fletching
22:58 Padded Archer Armor
23:11 Crossbowman
24:40 Gold Mining
28:36 Gambesons
28:51 Squires
32:22 Chain Mail Armor
42:50 Imperial Age
41:22 Wheelbarrow
40:44 Pikeman
42:02 Iron Casting
[POO ALLIANCE] GroomOfTheStool
7:20 Loom
12:59 Feudal Age
17:07 Castle Age
Connection lost

Rejoining the realm…

Still unreachable

The connection could not be restored.

Session expired

The server has moved on; the page needs a fresh start.